[Event "WJCC U20 Open 2019"]
[Site "New Delhi"]
[Date "2019.10.18"]
[Round "5.36"]
[White "Milikow, Yoav"]
[Black "Muthaiah AL"]
[Result "1-0"]
[ECO "B06"]
[WhiteElo "2199"]
[BlackElo "2370"]
[Annotator "NA"]
[PlyCount "63"]
[EventDate "2019.10.15"]
[EventType "swiss"]
[EventCountry "IND"]
[SourceTitle "playchess.com"]
[Source "ChessBase"]
[SourceQuality "1"]
[TimeControl "40/5400+30:1800+30"]

1. d4 d6 2. e4 g6 3. Nc3 Bg7 4. Be3 a6 5. Qd2 b5 6. Nf3 Bb7 7. O-O-O Nf6 8. e5 dxe5 9. Nxe5 O-O 10. Kb1 Nbd7 11. f4 e6 12. a3 Qe7 13. Rg1 Rfd8 14. g4 c5 15. Bg2 Nb6 16. Qe2 cxd4 17. Bxd4 Nbd5 18. Nxd5 Nxd5 19. Qf2 Rac8 20. g5 b4 21. axb4 Qxb4 22. Rd3 Bxe5 23. Bxe5 Qc4 24. Rgd1 Re8 25. b3 Qb4 26. Qh4 h5 27. gxh6 Kh7 28. Bxd5 Bxd5 29. Qf6 Qf8 30. Rh3 g5 31. Rxd5 g4 32. Rd7 1-0

[Event "WJCC U20 Open 2019"]
[Site "New Delhi"]
[Date "2019.10.18"]
[Round "5.37"]
[White "Kukelko, Alexey"]
[Black "Maltezeanu, Stefan"]
[Result "1-0"]
[ECO "B76"]
[WhiteElo "2342"]
[BlackElo "2102"]
[Annotator "NA"]
[PlyCount "117"]
[EventDate "2019.10.15"]
[EventType "swiss"]
[EventCountry "IND"]
[SourceTitle "playchess.com"]
[Source "ChessBase"]
[SourceQuality "1"]
[TimeControl "40/5400+30:1800+30"]

1. e4 c5 2. Nf3 d6 3. d4 cxd4 4. Nxd4 Nf6 5. Nc3 g6 6. Be3 Bg7 7. f3 Nc6 8. Qd2 O-O 9. O-O-O d5 10. Kb1 Nxd4 11. e5 Nf5 12. exf6 exf6 13. Nxd5 Nxe3 14. Qxe3 Be6 15. Bc4 Bxd5 16. Bxd5 Qc7 17. h4 Rfe8 18. Qb3 Re7 19. g4 Rb8 20. h5 b5 21. Rhe1 a5 22. Rxe7 Qxe7 23. a4 b4 24. hxg6 hxg6 25. Be4 Rd8 26. Rxd8+ Qxd8 27. Bxg6 Qc7 28. Qd5 Bf8 29. Be4 Bd6 30. Qf5 Be5 31. Bd5 Kg7 32. Bb3 Bf4 33. Ka2 Be5 34. Qh5 Bf4 35. Kb1 Be3 36. Bd5 Bf4 37. Qf5 Be5 38. Be4 Kf8 39. Qh5 Kg7 40. Qh7+ Kf8 41. Bd5 Qd7 42. Bb3 Qc7 43. Qh8+ Ke7 44. Qg8 Kd6 45. Bxf7 Kc5 46. Qe8 Qc6 47. Qe7+ Kb6 48. g5 Qd6 49. Qxd6+ Bxd6 50. g6 Bf8 51. c3 Kc5 52. Kc2 bxc3 53. bxc3 Kd6 54. Kd3 f5 55. f4 Bg7 56. c4 Bb2 57. Ke3 Ke7 58. c5 Bd4+ 59. Kxd4 1-0

[Event "WJCC U20 Open 2019"]
[Site "New Delhi"]
[Date "2019.10.18"]
[Round "5.38"]
[White "Hamad Essam"]
[Black "Pranav Vijay"]
[Result "0-1"]
[ECO "B30"]
[WhiteElo "1849"]
[BlackElo "2265"]
[Annotator "NA"]
[PlyCount "145"]
[EventDate "2019.10.15"]
[EventType "swiss"]
[EventCountry "IND"]
[SourceTitle "playchess.com"]
[Source "ChessBase"]
[SourceQuality "1"]
[TimeControl "40/5400+30:1800+30"]

1. e4 c5 2. Nf3 Nc6 3. c3 Nf6 4. e5 Nd5 5. d4 cxd4 6. cxd4 d6 7. Bc4 Nb6 8. Bb5 Bd7 9. exd6 e6 10. Nc3 Bxd6 11. O-O a6 12. Bd3 Nb4 13. Bb1 Rc8 14. Ne4 Bc6 15. Nxd6+ Qxd6 16. Ne5 N4d5 17. Qg4 Kf8 18. Qg3 Qc7 19. Nxc6 Qxg3 20. hxg3 Rxc6 21. Be4 Ke7 22. Bd2 Rc4 23. Rfd1 Kd7 24. Ba5 f5 25. Bf3 Rb8 26. g4 g6 27. gxf5 gxf5 28. Rd2 Kd6 29. Re1 Nd7 30. b3 Rcc8 31. Rde2 Re8 32. g3 Rbc8 33. Kg2 N7f6 34. Bd2 Rc2 35. Bg5 Rxe2 36. Rxe2 b6 37. Rc2 Ne4 38. Bxe4 fxe4 39. Re2 Rg8 40. Bc1 Rg4 41. Kh3 h5 42. Rc2 Kd7 43. a3 b5 44. Bd2 Rg6 45. Kh4 Rf6 46. Bc1 Rf3 47. b4 Rd3 48. Kxh5 Rxd4 49. Bb2 Rd3 50. Re2 Rb3 51. Kh4 Kd6 52. g4 Nf4 53. Rc2 Nd3 54. Bf6 Rxa3 55. g5 Nf4 56. Rc8 Rf3 57. Rd8+ Kc7 58. Rd4 Nd5 59. Be5+ Kd7 60. Rxe4 Rxf2 61. g6 Ke7 62. g7 Kf7 63. Bg3 Rf6 64. Be5 Rh6+ 65. Kg5 Rg6+ 66. Kh4 Nf6 67. Rf4 Rg3 68. Kxg3 Kxg7 69. Rd4 Kg6 70. Rd8 Kf5 71. Ba1 Nd5 72. Rf8+ Ke4 73. Bb2 0-1

[Event "WJCC U20 Open 2019"]
[Site "New Delhi"]
[Date "2019.10.18"]
[Round "5.40"]
[White "Mohd Saprin, Amir Ghaazi"]
[Black "Muradli, Mahammad"]
[Result "0-1"]
[ECO "A13"]
[WhiteElo "1942"]
[BlackElo "2459"]
[Annotator "RC"]
[PlyCount "88"]
[EventDate "2019.10.15"]
[EventType "swiss"]
[EventCountry "IND"]
[SourceTitle "playchess.com"]
[Source "ChessBase"]
[SourceQuality "1"]
[TimeControl "40/5400+30:1800+30"]

1. Nf3 Nf6 2. c4 e6 3. g3 d5 4. Bg2 dxc4 5. Qa4+ c6 6. Qxc4 b5 7. Qc2 Bb7 8. O-O Nbd7 9. d4 c5 10. Nc3 a6 11. Rd1 Rc8 12. d5 Nxd5 13. Nxd5 Bxd5 14. e4 Bc6 15. Ne5 Qc7 16. Nxc6 Qxc6 17. Bf4 c4 18. Rac1 Be7 19. Bd6 Bxd6 20. e5 Qc5 21. exd6 O-O 22. Qe4 Qe5 23. Qb7 Nc5 24. Qe7 Rce8 25. Qa7 Rd8 26. b3 Nd3 27. Rc2 Nb4 28. f4 Qf5 29. Re2 Qh5 30. Qe3 Nd3 31. Bf3 Qh6 32. bxc4 bxc4 33. Qd4 Qf6 34. Qxc4 Nb2 35. Rxb2 Qxb2 36. Qxa6 Rd7 37. Bc6 Qc2 38. Ba4 Qxa2 39. Qb5 Rfd8 40. Qb4 Ra7 41. Qb6 Raa8 42. Bb3 Qa7 43. Qxa7 Rxa7 44. Rc1 Rad7 0-1

[Event "WJCC U20 Open 2019"]
[Site "New Delhi"]
[Date "2019.10.18"]
[Round "5.42"]
[White "De Silva, L M S T"]
[Black "Aravena Navarro, Alexis Andres"]
[Result "1-0"]
[ECO "B30"]
[WhiteElo "1879"]
[BlackElo "2023"]
[Annotator "NA"]
[PlyCount "63"]
[EventDate "2019.10.15"]
[EventType "swiss"]
[EventCountry "IND"]
[SourceTitle "playchess.com"]
[Source "ChessBase"]
[SourceQuality "1"]
[TimeControl "40/5400+30:1800+30"]

1. e4 c5 2. Nf3 Nc6 3. Bb5 e6 4. O-O Nge7 5. Re1 a6 6. Bf1 b5 7. c3 d5 8. exd5 Nxd5 9. d4 Bb7 10. a4 Qb6 11. Ng5 Be7 12. Qh5 Nd8 13. axb5 cxd4 14. bxa6 dxc3 15. Nxc3 Nxc3 16. bxc3 Bxa6 17. Nxf7 O-O 18. Be3 Qc6 19. Ne5 Qc8 20. Rxa6 Rxa6 21. Bd3 g6 22. Nxg6 Rf7 23. Nxe7+ Rxe7 24. Bxa6 Qxa6 25. Bc5 Qa5 26. Rd1 Nb7 27. Qg4+ Kf7 28. Bxe7 Kxe7 29. Qg7+ Ke8 30. Qxb7 Qxc3 31. Qd7+ Kf8 32. Qxe6 1-0

[Event "WJCC U20 Open 2019"]
[Site "New Delhi"]
[Date "2019.10.18"]
[Round "5.43"]
[White "Dahanayake, Isara Banidu"]
[Black "Licheli, Luka"]
[Result "0-1"]
[ECO "B12"]
[WhiteElo "1771"]
[BlackElo "2010"]
[Annotator "NA RC"]
[PlyCount "50"]
[EventDate "2019.10.15"]
[EventType "swiss"]
[EventCountry "IND"]
[SourceTitle "playchess.com"]
[Source "ChessBase"]
[SourceQuality "1"]
[TimeControl "40/5400+30:1800+30"]

1. e4 c6 2. d4 d5 3. e5 Bf5 4. h4 h6 5. g4 Bh7 6. e6 fxe6 7. Bd3 Bxd3 8. Qxd3 Qd6 9. f4 e5 10. fxe5 Qe6 11. Qe2 c5 12. c3 Nc6 13. Be3 h5 14. g5 Qf5 15. Nd2 e6 16. a3 Nge7 17. Rh2 O-O-O 18. Rc1 Kb8 19. Nf1 Qg6 20. Ng3 Nf5 21. Qd3 Nxh4 22. Qxg6 Nxg6 23. Rxh5 Be7 24. Nf3 Rhf8 25. Ne2 Rxf3 0-1

[Event "WJCC U20 Open 2019"]
[Site "New Delhi"]
[Date "2019.10.18"]
[Round "5.45"]
[White "Lama, Milan"]
[Black "Doluweera, Minul Sanjula"]
[Result "1/2-1/2"]
[ECO "B13"]
[WhiteElo "1976"]
[BlackElo "2191"]
[Annotator "NA"]
[PlyCount "100"]
[EventDate "2019.10.15"]
[EventType "swiss"]
[EventCountry "IND"]
[SourceTitle "playchess.com"]
[Source "ChessBase"]
[SourceQuality "1"]
[TimeControl "40/5400+30:1800+30"]

1. e4 c6 2. d4 d5 3. exd5 cxd5 4. Bd3 Nc6 5. c3 Qc7 6. Nf3 Bg4 7. O-O e6 8. Re1 Bd6 9. h3 Bh5 10. Nbd2 Nf6 11. Nf1 O-O 12. Bg5 Nd7 13. Bh4 Bg6 14. Bg3 Rab8 15. Bxd6 Qxd6 16. Ng3 b5 17. Bxg6 hxg6 18. Qd2 b4 19. h4 bxc3 20. bxc3 Nf6 21. h5 Nxh5 22. Nxh5 gxh5 23. Qg5 Qe7 24. Qxh5 Qf6 25. Ng5 Qh6 26. Qg4 Ne7 27. Nf3 Rb2 28. Rab1 Rfb8 29. Rxb2 Rxb2 30. Qg3 Qg6 31. Qc7 Qf6 32. Qxa7 Ng6 33. Qa8+ Kh7 34. Qa3 Rc2 35. Qb3 Qf5 36. Ng5+ Kh6 37. Nxf7+ Kh5 38. Rf1 Nf4 39. c4 Ne2+ 40. Kh1 Rc3 41. Qb8 Ng3+ 42. Kg1 Nxf1 43. Qh8+ Kg6 44. Ne5+ Kg5 45. Qxg7+ Kf4 46. Qh6+ Qg5 47. Ng6+ Kf5 48. Nh4+ Kf4 49. Ng6+ Kf5 50. Ne5 Qg4 1/2-1/2

[Event "WJCC U20 Open 2019"]
[Site "New Delhi"]
[Date "2019.10.19"]
[Round "6.1"]
[White "Karthikeyan, Murali"]
[Black "Shtembuliak, Evgeny"]
[Result "1/2-1/2"]
[ECO "B10"]
[WhiteElo "2617"]
[BlackElo "2577"]
[Annotator "ChessBase"]
[PlyCount "102"]
[EventDate "2019.10.15"]
[EventType "swiss"]
[EventCountry "IND"]
[SourceTitle "playchess.com"]
[Source "ChessBase"]
[SourceQuality "1"]
[TimeControl "40/5400+30:1800+30"]

1. e4 c6 2. Nc3 d5 3. Nf3 dxe4 4. Nxe4 Nf6 5. Nxf6+ exf6 6. d4 Bd6 7. Bd3 O-O 8. O-O Bg4 9. h3 Bh5 10. Be4 Re8 11. Qd3 Bg6 12. Bxg6 hxg6 13. Bd2 Nd7 14. Rfe1 Qc7 15. c4 f5 16. Bg5 b6 17. a3 Nf8 18. b4 Qd7 19. Bd2 Bc7 20. Rad1 Rad8 21. Rxe8 Qxe8 22. Bg5 f6 23. Bc1 c5 24. bxc5 bxc5 25. d5 Bd6 26. Re1 Qd7 27. h4 Re8 28. Rxe8 Qxe8 29. g3 Nd7 30. Bf4 Bxf4 31. gxf4 Nb6 32. Kg2 Kh7 33. Kg3 Kh6 34. Nd2 Qe1 35. Nf3 Qe8 36. Kg2 Kh7 37. Nd2 Qe1 38. Nf3 Qc1 39. Nd2 Qd1 40. d6 Qg4+ 41. Qg3 Qxg3+ 42. fxg3 Kg8 43. Nb3 Kf7 44. Nxc5 Nxc4 45. d7 Ke7 46. a4 Nb6 47. Kf3 Nxd7 48. Nxd7 Kxd7 49. Ke3 Ke6 50. Kd4 Kd6 51. Kc4 Kc6 1/2-1/2

[Event "WJCC U20 Open 2019"]
[Site "New Delhi"]
[Date "2019.10.19"]
[Round "6.2"]
[White "Iniyan, P."]
[Black "Hakobyan, Aram"]
[Result "0-1"]
[ECO "E12"]
[WhiteElo "2509"]
[BlackElo "2561"]
[Annotator "ChessBase"]
[PlyCount "58"]
[EventDate "2019.10.15"]
[EventType "swiss"]
[EventCountry "IND"]
[SourceTitle "playchess.com"]
[Source "ChessBase"]
[SourceQuality "1"]
[TimeControl "40/5400+30:1800+30"]

1. d4 Nf6 2. c4 e6 3. Nf3 b6 4. Bf4 Bb4+ 5. Nfd2 Bb7 6. a3 Be7 7. Nc3 Nh5 8. Bg3 d6 9. e3 g6 10. Nf3 Nd7 11. Be2 Bf6 12. Qc2 Qe7 13. Nb5 Nxg3 14. hxg3 Qd8 15. Bd3 O-O 16. O-O-O Re8 17. Nc3 d5 18. e4 c5 19. exd5 cxd4 20. dxe6 Rxe6 21. Be4 dxc3 22. Bxb7 cxb2+ 23. Kb1 Qe7 24. Bxa8 Qxa3 25. Qd3 Qa1+ 26. Kc2 Qa2 27. Rb1 Nc5 28. Qd5 Qb3+ 29. Kd2 Bc3# 0-1

[Event "WJCC U20 Open 2019"]
[Site "New Delhi"]
[Date "2019.10.19"]
[Round "6.3"]
[White "Sargsyan, Shant"]
[Black "Raghunandan, Kaumandur Srihari"]
[Result "1/2-1/2"]
[ECO "B23"]
[WhiteElo "2580"]
[BlackElo "2449"]
[Annotator "ChessBase"]
[PlyCount "62"]
[EventDate "2019.10.15"]
[EventType "swiss"]
[EventCountry "IND"]
[SourceTitle "playchess.com"]
[Source "ChessBase"]
[SourceQuality "1"]
[TimeControl "40/5400+30:1800+30"]

1. e4 c5 2. Nc3 a6 3. Nf3 d6 4. g3 g6 5. Bg2 Bg7 6. d4 cxd4 7. Nxd4 Nf6 8. O-O O-O 9. h3 Nc6 10. Be3 Bd7 11. Nd5 Rc8 12. Rc1 b5 13. Re1 Re8 14. Kh2 Ne5 15. b3 Nc6 16. c3 e6 17. Nxf6+ Bxf6 18. Qd2 Qc7 19. f4 e5 20. Nxc6 Bxc6 21. f5 gxf5 22. exf5 Bxg2 23. Qxg2 Kh8 24. Qd5 Kg8 25. Red1 Qc6 26. Qxd6 Qf3 27. Qd2 Red8 28. Qf2 Qxf2+ 29. Bxf2 Rxd1 30. Rxd1 Rxc3 31. Rd2 h5 1/2-1/2

[Event "WJCC U20 Open 2019"]
[Site "New Delhi"]
[Date "2019.10.19"]
[Round "6.4"]
[White "Praggnanandhaa R"]
[Black "Agmanov, Zhandos"]
[Result "1-0"]
[ECO "A05"]
[WhiteElo "2567"]
[BlackElo "2403"]
[Annotator "ChessBase"]
[PlyCount "103"]
[EventDate "2019.10.15"]
[EventType "swiss"]
[EventCountry "IND"]
[SourceTitle "playchess.com"]
[Source "ChessBase"]
[SourceQuality "1"]
[TimeControl "40/5400+30:1800+30"]

1. Nf3 Nf6 2. g3 b6 3. Bg2 Bb7 4. O-O e6 5. c4 Be7 6. Nc3 O-O 7. Re1 d5 8. cxd5 exd5 9. d4 Na6 10. Bf4 c5 11. Rc1 h6 12. a3 Re8 13. Ne5 Nc7 14. dxc5 Bxc5 15. Nd3 Bd6 16. Qa4 Ne4 17. Nxe4 dxe4 18. Bxd6 Qxd6 19. Red1 Qe7 20. Nf4 Red8 21. Rxd8+ Qxd8 22. Bxe4 Bxe4 23. Qxe4 Qe8 24. Qb7 Nb5 25. e3 Nd6 26. Qc6 Rd8 27. Qxe8+ Nxe8 28. Kf1 Kf8 29. Ke2 Ke7 30. g4 g6 31. h3 Rd7 32. Rc8 Nd6 33. Nd5+ Ke6 34. Nf4+ Ke7 35. Rh8 Nc4 36. Nd3 Rc7 37. Kd1 Rd7 38. Kc2 Rc7 39. Nf4 Ne5+ 40. Kb3 Rd7 41. Rc8 Nf3 42. Kc3 Ne5 43. e4 Nf3 44. Nd5+ Kd6 45. Kd3 f5 46. Ke3 Ng5 47. f3 fxe4 48. fxe4 Nxh3 49. Rg8 Kc5 50. Rxg6 Rh7 51. Nf6 Rh8 52. Rg8 {[%emt 0:00:56] Kd5} 1-0

[Event "WJCC U20 Open 2019"]
[Site "New Delhi"]
[Date "2019.10.19"]
[Round "6.5"]
[White "Santos Ruiz, Miguel"]
[Black "Mendonca, Leon Luke"]
[Result "1-0"]
[ECO "B91"]
[WhiteElo "2560"]
[BlackElo "2388"]
[Annotator "ChessBase"]
[PlyCount "99"]
[EventDate "2019.10.15"]
[EventType "swiss"]
[EventCountry "IND"]
[SourceTitle "playchess.com"]
[Source "ChessBase"]
[SourceQuality "1"]
[TimeControl "40/5400+30:1800+30"]

1. e4 c5 2. Nf3 d6 3. d4 cxd4 4. Nxd4 Nf6 5. Nc3 a6 6. g3 e5 7. Nde2 Be7 8. Bg2 O-O 9. a4 Be6 10. O-O Nbd7 11. Be3 Qa5 12. h3 Rfc8 13. Qd2 Bc4 14. Rfd1 Qc7 15. Rdc1 b5 16. b3 b4 17. Na2 Bxe2 18. Qxe2 Qb7 19. Bd2 a5 20. Rab1 Bd8 21. c3 bxc3 22. Nxc3 Bb6 23. Nb5 Rxc1+ 24. Rxc1 Bc5 25. Rd1 Qb6 26. Qf3 Nf8 27. Bf1 Ne6 28. Bc4 Nd4 29. Nxd4 Bxd4 30. Bg5 Qd8 31. Kg2 h6 32. Bd2 Qe7 33. h4 Nd7 34. Rf1 Nb6 35. Bb5 Nd7 36. Bxh6 gxh6 37. Qg4+ Kh8 38. Bxd7 Rg8 39. Qh5 Qf6 40. Bf5 Rb8 41. Rc1 Bc5 42. Rc3 Qg7 43. Qd1 Rb4 44. Qd5 Rd4 45. Qb7 Rd2 46. Rxc5 dxc5 47. Qb8+ Qg8 48. Qxe5+ Qg7 49. Qb8+ Qg8 50. Qf4 1-0

[Event "WJCC U20 Open 2019"]
[Site "New Delhi"]
[Date "2019.10.19"]
[Round "6.6"]
[White "Murzin, Volodar"]
[Black "Harsha Bharathakoti"]
[Result "1-0"]
[ECO "B31"]
[WhiteElo "2433"]
[BlackElo "2530"]
[Annotator "ChessBase"]
[PlyCount "151"]
[EventDate "2019.10.15"]
[EventType "swiss"]
[EventCountry "IND"]
[SourceTitle "playchess.com"]
[Source "ChessBase"]
[SourceQuality "1"]
[TimeControl "40/5400+30:1800+30"]

1. e4 c5 2. Nf3 Nc6 3. Bb5 g6 4. Bxc6 dxc6 5. d3 Bg7 6. O-O Qc7 7. Nbd2 Nf6 8. Re1 O-O 9. e5 Nd5 10. a4 a5 11. Qe2 b6 12. h3 Rd8 13. b3 h6 14. Bb2 Be6 15. Ne4 Qc8 16. Rad1 g5 17. Nh2 Nf4 18. Qe3 Bf5 19. h4 Nd5 20. Qg3 g4 21. h5 Kh7 22. Qh4 Ra7 23. Ng3 Rg8 24. Nxf5 Qxf5 25. Qxg4 Qxg4 26. Nxg4 Nf4 27. Bc1 Nxh5 28. Re4 Bf8 29. Ne3 Ng7 30. g3 Ne6 31. Kg2 Rd7 32. Nc4 Rb7 33. Rh1 Nd4 34. Ne3 Rg6 35. Bb2 Rd7 36. Bxd4 cxd4 37. Nf5 c5 38. Nh4 Rc6 39. Nf3 Kg8 40. e6 Rxe6 41. Rxe6 fxe6 42. Ne5 Rd6 43. Nc4 Rc6 44. f4 Bg7 45. Kf3 Kh7 46. Ke4 Kg6 47. g4 Bf6 48. Rh2 Bg7 49. Rg2 Bh8 50. Rg3 Bg7 51. Rg1 Bh8 52. Nd2 Rc8 53. Nf3 Bf6 54. Nd2 Bg7 55. Nc4 Rc6 56. Rh1 Bf6 57. g5 hxg5 58. fxg5 Bg7 59. Rf1 Kxg5 60. Rf7 Bf6 61. Rf8 Kg4 62. Rg8+ Kh4 63. Rb8 Kg3 64. Rxb6 Rc8 65. Rxe6 Rh8 66. Nxa5 Rh2 67. Kd5 Rxc2 68. Nb7 c4 69. bxc4 Ra2 70. c5 Bg5 71. c6 Bf4 72. Nc5 Rh2 73. Rxe7 Rh5+ 74. Kc4 Rh6 75. Kb5 Bd6 76. Ne4+ {[%emt 0:00:20] Rh8} 1-0

[Event "WJCC U20 Open 2019"]
[Site "New Delhi"]
[Date "2019.10.19"]
[Round "6.7"]
[White "Visakh N R"]
[Black "Raja Rithvik R"]
[Result "1/2-1/2"]
[ECO "B53"]
[WhiteElo "2529"]
[BlackElo "2369"]
[Annotator "ChessBase"]
[PlyCount "95"]
[EventDate "2019.10.15"]
[EventType "swiss"]
[EventCountry "IND"]
[SourceTitle "playchess.com"]
[Source "ChessBase"]
[SourceQuality "1"]
[TimeControl "40/5400+30:1800+30"]

1. e4 c5 2. Nf3 d6 3. d4 cxd4 4. Qxd4 Nc6 5. Bb5 Bd7 6. Bxc6 Bxc6 7. c4 Nf6 8. Nc3 g6 9. O-O Bg7 10. Qd3 O-O 11. Nd4 Rc8 12. b3 Nxe4 13. Nxe4 d5 14. Nxc6 Rxc6 15. Rb1 dxe4 16. Qxe4 Qd7 17. Be3 Rd8 18. Qf3 Rd6 19. h4 h5 20. g3 Bd4 21. Rbe1 Bxe3 22. Qxe3 e6 23. Qxa7 Ra6 24. Qe3 Rxa2 25. Ra1 Rd2 26. Ra7 Qc6 27. Ra8 Rxa8 28. Qxd2 b5 29. cxb5 Qxb5 30. b4 Rb8 31. Rb1 Kh7 32. Qd6 Kg7 33. Qd4+ e5 34. Qc3 Kh7 35. Qc2 Kg7 36. Qb2 Kh7 37. Qc1 Kg7 38. Qf1 Kf6 39. Qxb5 Rxb5 40. Kf1 e4 41. Ke2 Ke5 42. Ke3 f6 43. Rb3 g5 44. hxg5 fxg5 45. Rb1 h4 46. gxh4 gxh4 47. Rh1 Rxb4 48. Rxh4 1/2-1/2

[Event "WJCC U20 Open 2019"]
[Site "New Delhi"]
[Date "2019.10.19"]
[Round "6.8"]
[White "Wang, Shixu B"]
[Black "Khanin, Semen"]
[Result "0-1"]
[ECO "E70"]
[WhiteElo "2370"]
[BlackElo "2507"]
[Annotator "ChessBase"]
[PlyCount "216"]
[EventDate "2019.10.15"]
[EventType "swiss"]
[EventCountry "IND"]
[SourceTitle "playchess.com"]
[Source "ChessBase"]
[SourceQuality "1"]
[TimeControl "40/5400+30:1800+30"]

1. d4 Nf6 2. c4 g6 3. Nc3 Bg7 4. e4 d6 5. Nge2 O-O 6. Ng3 h5 7. Be2 a5 8. Bg5 Nh7 9. Be3 c5 10. dxc5 dxc5 11. Qxd8 Rxd8 12. Bxc5 Nc6 13. Bb6 Rd7 14. h4 a4 15. a3 Nf8 16. Rd1 Rxd1+ 17. Bxd1 Bxc3+ 18. bxc3 Be6 19. Nf1 Nd7 20. Bd4 Bxc4 21. Nd2 Nde5 22. Be2 Nd3+ 23. Bxd3 Bxd3 24. Rh3 Ba6 25. Kd1 Rd8 26. Bb6 Rd7 27. Kc2 Ne5 28. Bd4 Nd3 29. g3 e5 30. Be3 Ne1+ 31. Kd1 Nf3 32. Rh1 Rd6 33. Kc1 Nxd2 34. Bxd2 Bd3 35. Be3 Bxe4 36. Rd1 Bd3 37. c4 e4 38. c5 Rc6 39. Kb2 f6 40. f3 f5 41. Rd2 Kf7 42. fxe4 fxe4 43. Rf2+ Ke6 44. Rf8 b6 45. cxb6 Rc2+ 46. Ka1 Rc3 47. Bc5 Rc1+ 48. Ka2 Ba6 49. Bb4 Rc6 50. Rb8 Kd7 51. Ba5 Re6 52. Rd8+ Kc6 53. Rd4 e3 54. b7 Bxb7 55. Be1 Rd6 56. Re4 Rd3 57. Rxa4 Rd1 58. Bc3 Kd5 59. g4 e2 60. gxh5 gxh5 61. Kb2 Bc6 62. Ra5+ Kc4 63. Re5 Kd3 64. Rxh5 Be4 65. Re5 e1=Q 66. Bxe1 Rxe1 67. Re8 Re2+ 68. Kc1 Rf2 69. Rc8 Bf5 70. Rc6 Be4 71. Rc7 Ke3 72. a4 Rf1+ 73. Kb2 Rb1+ 74. Ka2 Rb8 75. Rd7 Bf5 76. Rd6 Bd3 77. a5 Kd2 78. Rc6 Be4 79. Rc5 Kd3 80. a6 Kd4 81. Rc7 Bd5+ 82. Ka3 Rh8 83. Kb4 Rxh4 84. Kb5 Rh1 85. Kb6 Rb1+ 86. Ka7 Ke5 87. Rb7 Ra1 88. Rb6 Kd4 89. Kb8 Kc5 90. Rh6 Rg1 91. Kc7 Rg7+ 92. Kc8 Bc6 93. Kd8 Rd7+ 94. Kc8 Kb6 95. Re6 Rh7 96. Kd8 Ra7 97. Rf6 Kc5 98. Rf5+ Kd6 99. Rf6+ Kd5 100. Rf2 Ke6 101. Kc8 Bd5 102. Kb8 Rxa6 103. Kc7 Rc6+ 104. Kb8 Rb6+ 105. Ka7 Rb4 106. Rh2 Kd6 107. Rh6+ Kc5 108. Rh7 Ra4+ 0-1

[Event "WJCC U20 Open 2019"]
[Site "New Delhi"]
[Date "2019.10.19"]
[Round "6.9"]
[White "Aaryan Varshney"]
[Black "Costachi, Mihnea"]
[Result "0-1"]
[ECO "D15"]
[WhiteElo "2239"]
[BlackElo "2463"]
[Annotator "ChessBase"]
[PlyCount "134"]
[EventDate "2019.10.15"]
[EventType "swiss"]
[EventCountry "IND"]
[SourceTitle "playchess.com"]
[Source "ChessBase"]
[SourceQuality "1"]
[TimeControl "40/5400+30:1800+30"]

1. d4 d5 2. c4 c6 3. Nf3 Nf6 4. Nc3 a6 5. e3 b5 6. b3 Bg4 7. Be2 e6 8. O-O Nbd7 9. h3 Bh5 10. Bb2 Bd6 11. Ne5 Bxe2 12. Nxe2 bxc4 13. bxc4 O-O 14. cxd5 cxd5 15. Nxd7 Qxd7 16. Qd3 Qa4 17. Qb3 Qb5 18. Rfe1 Rfb8 19. Qxb5 Rxb5 20. Bc3 Ne4 21. Reb1 Rab8 22. Rxb5 Rxb5 23. Be1 Rb2 24. Nc3 Nxc3 25. Bxc3 Rc2 26. Be1 g6 27. a3 Kf8 28. Bb4 Ke7 29. Rb1 Bxb4 30. Rxb4 Rc1+ 31. Kh2 Rc4 32. Rb7+ Kf6 33. Rb6 Ra4 34. Rb3 h5 35. Kg3 e5 36. dxe5+ Kxe5 37. Kf3 f5 38. Rb8 Rxa3 39. Re8+ Kf6 40. Rd8 Ke6 41. h4 a5 42. Ke2 Ra2+ 43. Kf3 a4 44. Rg8 Kf6 45. Rd8 Ke5 46. Rg8 a3 47. Rxg6 Rc2 48. Ra6 a2 49. Ra8 Kd6 50. Kg3 Kc5 51. f3 Kb4 52. Kf4 Kb3 53. Kxf5 Rxg2 54. f4 Re2 55. Ke5 Rxe3+ 56. Kxd5 Kb2 57. Rxa2+ Kxa2 58. f5 Rh3 59. f6 Rxh4 60. Ke5 Rh1 61. f7 Re1+ 62. Kf6 Rf1+ 63. Kg7 h4 64. f8=R Rxf8 65. Kxf8 h3 66. Kg7 h2 67. Kf6 h1=Q 0-1

[Event "WJCC U20 Open 2019"]
[Site "New Delhi"]
[Date "2019.10.19"]
[Round "6.10"]
[White "Audi Ameya"]
[Black "Haria, Ravi"]
[Result "0-1"]
[ECO "C50"]
[WhiteElo "2336"]
[BlackElo "2463"]
[Annotator "ChessBase"]
[PlyCount "222"]
[EventDate "2019.10.15"]
[EventType "swiss"]
[EventCountry "IND"]
[SourceTitle "playchess.com"]
[Source "ChessBase"]
[SourceQuality "1"]
[TimeControl "40/5400+30:1800+30"]

1. e4 e5 2. Nf3 Nc6 3. Bc4 Bc5 4. O-O Nf6 5. Re1 O-O 6. d3 Ng4 7. Rf1 Nf6 8. Re1 d6 9. c3 a5 10. Bg5 h6 11. Bh4 g5 12. Bg3 Nh7 13. d4 Bb6 14. dxe5 g4 15. Bh4 Ng5 16. Nxg5 hxg5 17. Bg3 Nxe5 18. Nd2 Qf6 19. Bf1 Be6 20. Qa4 Kg7 21. Bc4 Bd7 22. Bb5 Nd3 23. Re2 Nc5 24. Qc4 c6 25. Ba4 Be6 26. e5 Qg6 27. Qd4 d5 28. Nf1 Nxa4 29. Qxa4 Rfd8 30. Rd1 Rd7 31. Ne3 Qh5 32. Nc2 Rad8 33. Nd4 Qg6 34. Red2 Kh6 35. Rd3 Bf5 36. Nxf5+ Qxf5 37. Kh1 Kg6 38. f3 d4 39. cxd4 gxf3 40. gxf3 Rd5 41. R1d2 Ba7 42. Kg2 c5 43. Qb5 R8d7 44. Re2 Rxd4 45. Rxd4 cxd4 46. a4 d3 47. e6 Qxb5 48. axb5 fxe6 49. Rxe6+ Kf7 50. Re1 Rd5 51. Rd1 a4 52. Kh3 Be3 53. Kg2 Kf6 54. Be1 d2 55. Bf2 Bf4 56. Bg3 Be3 57. Bf2 Bf4 58. Bg3 Kf5 59. Kf2 b6 60. Ke2 Re5+ 61. Kf2 Rxb5 62. Bxf4 Kxf4 63. Rxd2 Rb4 64. Ke2 b5 65. Kf2 Rc4 66. Ke2 Rb4 67. Kf2 Rb3 68. Rd4+ Ke5 69. Rd2 b4 70. Kg3 Rxb2 71. Rxb2 b3 72. f4+ gxf4+ 73. Kf3 Kd4 74. h4 Kc3 75. h5 Kxb2 76. h6 Ka2 77. h7 b2 78. h8=Q b1=Q 79. Kxf4 a3 80. Qc3 Qb2 81. Qc4+ Qb3 82. Qc1 Qd3 83. Qc5 Kb3 84. Qb6+ Ka4 85. Qa7+ Kb4 86. Qe7+ Kb3 87. Qb7+ Kc3 88. Kg5 a2 89. Qc7+ Kb2 90. Qe5+ Kc2 91. Qc5+ Qc3 92. Qf5+ Kd1 93. Qf1+ Qe1 94. Qf3+ Qe2 95. Qh1+ Kc2 96. Qc6+ Kb1 97. Qh1+ Kb2 98. Qb7+ Kc3 99. Qc7+ Qc4 100. Qe5+ Kb3 101. Qe3+ Ka4 102. Qa7+ Kb4 103. Kh6 Qc1+ 104. Kh7 a1=Q 105. Qb6+ Kc3 106. Qc5+ Kb2 107. Qb4+ Ka2 108. Qa4+ Kb1 109. Qb3+ Qab2 110. Qd5 Qc7+ 111. Kg6 Qbb6+ 0-1

[Event "WJCC U20 Open 2019"]
[Site "New Delhi"]
[Date "2019.10.19"]
[Round "6.12"]
[White "Davtyan, Artur"]
[Black "Aravindh, Chithambaram VR."]
[Result "0-1"]
[ECO "D45"]
[WhiteElo "2418"]
[BlackElo "2609"]
[Annotator "ChessBase"]
[PlyCount "144"]
[EventDate "2019.10.15"]
[EventType "swiss"]
[EventCountry "IND"]
[SourceTitle "playchess.com"]
[Source "ChessBase"]
[SourceQuality "1"]
[TimeControl "40/5400+30:1800+30"]

1. d4 d5 2. c4 e6 3. Nc3 c6 4. Nf3 Nf6 5. e3 Nbd7 6. Qc2 Bd6 7. Bd3 O-O 8. O-O dxc4 9. Bxc4 b5 10. Be2 Bb7 11. e4 e5 12. dxe5 Nxe5 13. Nd4 Neg4 14. g3 Bc5 15. Nf5 g6 16. Nh6+ Nxh6 17. Bxh6 Re8 18. Bf3 Qe7 19. Bg5 Qe6 20. Rad1 Bb6 21. a3 Ng4 22. Bg2 f6 23. Bc1 Rad8 24. h3 Rxd1 25. Nxd1 Ne5 26. Ne3 Nf7 27. Rd1 Kg7 28. Kh2 Bc8 29. f4 Nd6 30. e5 fxe5 31. Qxc6 Nf7 32. Qxe6 Bxe6 33. fxe5 Nxe5 34. Nd5 Bg4 35. Rf1 Be2 36. Rf6 Bc4 37. Rd6 Bc5 38. Ra6 Bxd5 39. Bxd5 Nd3 40. b4 Bb6 41. Bf4 g5 42. Bxg5 Re2+ 43. Kh1 Re5 44. Bd8 Rxd5 45. Bxb6 axb6 46. Rxb6 Ne5 47. Ra6 Rd2 48. Kg1 Ra2 49. Ra5 Nf3+ 50. Kf1 Nd4 51. Ra6 Nf5 52. g4 Ne3+ 53. Kg1 Nc4 54. Ra7+ Kg6 55. Rb7 Rxa3 56. Rxb5 Rxh3 57. Kg2 Rb3 58. Kf2 Ne3 59. Kg3 h6 60. Rc5 Nf5+ 61. Kf2 Rb2+ 62. Kf3 Nd4+ 63. Kg3 Rb3+ 64. Kh4 Nf3+ 65. Kg3 Ng5+ 66. Kg2 Rb2+ 67. Kh1 Nf3 68. Rh5 Rxb4 69. Kg2 Rxg4+ 70. Kh3 Ra4 71. Rd5 Ng5+ 72. Kg3 Ra3+ 0-1